TOP OF THE 1ST |
Rocky Mountain Vibes batting - Pitching for Laredo Hawks : RHP Ed Alexander
|
Pitching: RHP Ed Alexander
|
|
Batting: RHB José Ayala
|
0-0: Ball 1-0: Ball 2-0: Ground out 4-3 (Groundball, 4, EV 78.8 MPH)
|
Batting: RHB Daniel Morel
|
0-0: Ball 1-0: Fly out, F8 (Flyball, 8RD, EV 99.4 MPH)
|
Batting: RHB Jaime Espinar
|
0-0: Foul Ball, location: 2F 0-1: Ball 1-1: Ball 2-1: Fly out, F3 (Popup, 34, EV 61.2 MPH)
|
Top of the 1st over - 0 runs, 0 hits, 0 errors, 0 left on base; Rocky Mountain 0 - Laredo 0 |
BOTTOM OF THE 1ST |
Laredo Hawks batting - Pitching for Rocky Mountain Vibes : LHP Joop Els
|
Pitching: LHP Joop Els
|
|
Batting: RHB Juan Oleastro
|
0-0: Ball 1-0: Ball 2-0: Ball 3-0: Called Strike 3-1: Swinging Strike 3-2: Strikes out swinging
|
Batting: RHB Elwiin de Meij
|
0-0: Swinging Strike 0-1: Ball 1-1: Ball 2-1: Ground out 5-3 (Groundball, 56S, EV 64.4 MPH)
|
Batting: LHB Walker Ragland
|
0-0: Ball 1-0: Called Strike 1-1: Swinging Strike 1-2: Foul Ball, location: 2F 1-2: Ball 2-2: Foul Ball, location: 2F 2-2: Strikes out looking
|
Bottom of the 1st over - 0 runs, 0 hits, 0 errors, 0 left on base; Rocky Mountain 0 - Laredo 0 |
TOP OF THE 2ND |
Rocky Mountain Vibes batting - Pitching for Laredo Hawks : RHP Ed Alexander
|
Batting: LHB Allan Colston
|
0-0: Fly out, F7 (Flyball, 7S, EV 81.2 MPH)
|
Batting: RHB Slavik Akentiev
|
0-0: Foul Ball, location: 2F 0-1: Called Strike 0-2: Ground out 6-3 (Groundball, 6, EV 103.1 MPH)
|
Batting: RHB José Gonzáles
|
0-0: Ball 1-0: Swinging Strike 1-1: Foul Ball, location: 2F 1-2: Ball 2-2: SINGLE (Groundball, 6, EV 102.5 MPH) (infield hit)
|
Batting: RHB Earl McCarty
|
0-0: Ball 1-0: Foul Ball, location: 2F 1-1: Ground out U3 (Groundball, 34, EV 80.6 MPH)
|
Top of the 2nd over - 0 runs, 1 hit, 0 errors, 1 left on base; Rocky Mountain 0 - Laredo 0 |
BOTTOM OF THE 2ND |
Laredo Hawks batting - Pitching for Rocky Mountain Vibes : LHP Joop Els
|
Batting: LHB Quitério Ruah
|
0-0: Swinging Strike 0-1: Foul Ball, location: 2F 0-2: Ball 1-2: Foul Ball, location: 2F 1-2: Ball 2-2: Foul Ball, location: 2F 2-2: Strikes out looking
|
Batting: RHB Paul Pitts
|
0-0: Ball 1-0: Swinging Strike 1-1: Ball 2-1: Hit by Pitch
|
Batting: RHB Kawenaula Alohalani
|
0-0: Called Strike 0-1: Ball 1-1: Foul Ball, location: 2F 1-2: Ball 2-2: 2-RUN HOME RUN (Flyball, 7D, EV 100.0 MPH), Distance : 362 ft
|
Batting: RHB Doug Chapman
|
0-0: Ball 1-0: Ground out 5-3 (Groundball, 5, EV 84.4 MPH)
|
Batting: RHB Ji-hyun Yi
|
0-0: Swinging Strike 0-1: Ball 1-1: Foul Ball, location: 2F 1-2: Strikes out swinging
|
Bottom of the 2nd over - 2 runs, 1 hit, 0 errors, 0 left on base; Rocky Mountain 0 - Laredo 2 |
TOP OF THE 3RD |
Rocky Mountain Vibes batting - Pitching for Laredo Hawks : RHP Ed Alexander
|
Batting: RHB Kyle Michaud
|
0-0: Ball 1-0: Foul Ball, location: 2F 1-1: Ball 2-1: SINGLE (Groundball, 6MD, EV 97.5 MPH)
|
Batting: RHB Eugene Taylor
|
0-0: Ball 1-0: Swinging Strike 1-1: DOUBLE (Groundball, 5L, EV 96.2 MPH) Kyle Michaud to third Runner from 3rd tries for Home, SAFE, throw by LF to home
|
Batting: RHB José Ayala
|
0-0: Ball 1-0: Foul Ball, location: 2F 1-1: Ground out 6-3 (Groundball, 6, EV 83.8 MPH)
|
Batting: RHB Daniel Morel
|
0-0: Ball 1-0: Called Strike 1-1: Foul Ball, location: 2F 1-2: Ball 2-2: DOUBLE (Line Drive, 9LM, EV 110.0 MPH) Eugene Taylor scores
|
Batting: RHB Jaime Espinar
|
0-0: Called Strike 0-1: Ball 1-1: Swinging Strike 1-2: Ball 2-2: Strikes out looking
|
Batting: LHB Allan Colston
|
0-0: Swinging Strike 0-1: Ball 1-1: Ball 2-1: Ball 3-1: Swinging Strike 3-2: Strikes out looking
|
Top of the 3rd over - 2 runs, 3 hits, 0 errors, 1 left on base; Rocky Mountain 2 - Laredo 2 |
BOTTOM OF THE 3RD |
Laredo Hawks batting - Pitching for Rocky Mountain Vibes : LHP Joop Els
|
Batting: RHB Avigdor Lieberman
|
0-0: Ball 1-0: Foul Ball, location: 2F 1-1: Ball 2-1: Ground out 4-3 (Groundball, 4, EV 85.6 MPH)
|
Batting: RHB Juan Oleastro
|
0-0: Foul Ball, location: 2F 0-1: Fly out, F9 (Flyball, 9S, EV 85.0 MPH)
|
Batting: RHB Elwiin de Meij
|
0-0: Ball 1-0: Ball 2-0: SINGLE (Groundball, 4MD, EV 102.5 MPH)
|
Batting: LHB Walker Ragland
|
0-0: Called Strike 0-1: Ball 1-1: SINGLE (Groundball, 34D, EV 102.5 MPH) Elwiin de Meij to second Runner from 2nd tries for 3rd, SAFE, throw by RF made to third
|
Batting: LHB Quitério Ruah
|
0-0: Called Strike 0-1: Ball 1-1: Called Strike 1-2: Fly out, F8 (Flyball, 8RM, EV 80.6 MPH)
|
Bottom of the 3rd over - 0 runs, 2 hits, 0 errors, 2 left on base; Rocky Mountain 2 - Laredo 2 |
TOP OF THE 4TH |
Rocky Mountain Vibes batting - Pitching for Laredo Hawks : RHP Ed Alexander
|
Batting: RHB Slavik Akentiev
|
0-0: Called Strike 0-1: Fly out, F8 (Line Drive, 8RM, EV 94.4 MPH)
|
Batting: RHB José Gonzáles
|
0-0: Fly out, F9 (Flyball, 9D, EV 103.1 MPH)
|
Batting: RHB Earl McCarty
|
0-0: Called Strike 0-1: Fly out, F6 (Popup, 6, EV 69.4 MPH)
|
Top of the 4th over - 0 runs, 0 hits, 0 errors, 0 left on base; Rocky Mountain 2 - Laredo 2 |
BOTTOM OF THE 4TH |
Laredo Hawks batting - Pitching for Rocky Mountain Vibes : LHP Joop Els
|
Batting: RHB Paul Pitts
|
0-0: Called Strike 0-1: Foul Ball, location: 2F 0-2: DOUBLE (Line Drive, 5D, EV 110.0 MPH)
|
Batting: RHB Kawenaula Alohalani
|
0-0: Called Strike 0-1: Fly out, F8 (Flyball, 8RD, EV 90.0 MPH)
|
Batting: RHB Doug Chapman
|
0-0: Called Strike 0-1: Ball 1-1: Ball 2-1: Swinging Strike 2-2: Ball Wild Pitch! Paul Pitts to third 3-2: Base on Balls
|
Batting: RHB Ji-hyun Yi
|
0-0: Ball 1-0: Called Strike 1-1: Called Strike 1-2: Strikes out swinging
|
Batting: RHB Avigdor Lieberman
|
0-0: Ball 1-0: Called Strike 1-1: Called Strike 1-2: Strikes out looking
|
Bottom of the 4th over - 0 runs, 1 hit, 0 errors, 2 left on base; Rocky Mountain 2 - Laredo 2 |
TOP OF THE 5TH |
Rocky Mountain Vibes batting - Pitching for Laredo Hawks : RHP Ed Alexander
|
Batting: RHB Kyle Michaud
|
0-0: Ground out 3-1 (Groundball, 3S, EV 82.5 MPH)
|
Batting: RHB Eugene Taylor
|
0-0: DOUBLE (Line Drive, 9LS, EV 101.9 MPH)
|
Batting: RHB José Ayala
|
0-0: Called Strike 0-1: Ball 1-1: SINGLE (Groundball, 5S, EV 71.2 MPH) (infield hit) Eugene Taylor to third
|
Batting: RHB Daniel Morel
|
0-0: Ball 1-0: Called Strike 1-1: Called Strike 1-2: Foul Ball, location: 2F 1-2: Strikes out swinging
|
Batting: RHB Jaime Espinar
|
0-0: Called Strike 0-1: Swinging Strike 0-2: Strikes out swinging
|
Top of the 5th over - 0 runs, 2 hits, 0 errors, 2 left on base; Rocky Mountain 2 - Laredo 2 |
BOTTOM OF THE 5TH |
Laredo Hawks batting - Pitching for Rocky Mountain Vibes : LHP Joop Els
|
Batting: RHB Juan Oleastro
|
0-0: Called Strike 0-1: SINGLE (Groundball, 56D, EV 100.0 MPH)
|
Batting: RHB Elwiin de Meij
|
0-0: Ball 1-0: Foul Ball, location: 2F 1-1: Bunted foul 1-2: Ball 2-2: SINGLE (Line Drive, 56D, EV 94.4 MPH) Juan Oleastro to second
|
Batting: LHB Walker Ragland
|
0-0: Foul Ball, location: 2F 0-1: Swinging Strike 0-2: Strikes out swinging
|
Batting: LHB Quitério Ruah
|
0-0: Called Strike 0-1: Ball 1-1: Called Strike 1-2: SINGLE (Line Drive, 78M, EV 104.4 MPH) Juan Oleastro to third Elwiin de Meij to second Runner from 3rd tries for Home, SAFE, no throw by LF
|
Batting: RHB Paul Pitts
|
0-0: Fly out, F3 (Popup, 3SF, EV 77.5 MPH)
|
Batting: RHB Kawenaula Alohalani
|
0-0: Ball 1-0: Fly out, F3 (Popup, 3S, EV 80.0 MPH)
|
Bottom of the 5th over - 1 run, 3 hits, 0 errors, 2 left on base; Rocky Mountain 2 - Laredo 3 |
TOP OF THE 6TH |
Rocky Mountain Vibes batting - Pitching for Laredo Hawks : RHP Ed Alexander
|
Batting: LHB Allan Colston
|
0-0: Foul Ball, location: 2F 0-1: Ball 1-1: Called Strike 1-2: Foul Ball, location: 2F 1-2: Ball 2-2: Ground out U3 (Groundball, 34S, EV 81.9 MPH)
|
Batting: RHB Slavik Akentiev
|
0-0: Called Strike 0-1: Ball 1-1: Foul Ball, location: 2F 1-2: Foul Ball, location: 2F 1-2: Ball 2-2: Ground out 6-3 (Groundball, 6, EV 78.8 MPH)
|
Batting: RHB José Gonzáles
|
0-0: Called Strike 0-1: Swinging Strike 0-2: Ball 1-2: Ball 2-2: Strikes out swinging
|
Top of the 6th over - 0 runs, 0 hits, 0 errors, 0 left on base; Rocky Mountain 2 - Laredo 3 |
BOTTOM OF THE 6TH |
Laredo Hawks batting - Pitching for Rocky Mountain Vibes : LHP Joop Els
|
Batting: RHB Doug Chapman
|
0-0: Ground out 6-3 (Groundball, 6, EV 88.8 MPH)
|
Batting: RHB Ji-hyun Yi
|
0-0: Swinging Strike 0-1: Swinging Strike 0-2: Strikes out swinging
|
Batting: RHB Avigdor Lieberman
|
0-0: Ball 1-0: Foul Ball, location: 2F 1-1: Foul Ball, location: 2F 1-2: SINGLE (Line Drive, 7LS, EV 107.5 MPH)
|
Batting: RHB Juan Oleastro
|
0-0: Ball 1-0: Swinging Strike 1-1: Swinging Strike 1-2: Ball 2-2: Ball 3-2: Fly out, F8 (Flyball, 8LD, EV 90.6 MPH)
|
Bottom of the 6th over - 0 runs, 1 hit, 0 errors, 1 left on base; Rocky Mountain 2 - Laredo 3 |
TOP OF THE 7TH |
Rocky Mountain Vibes batting - Pitching for Laredo Hawks : RHP Ed Alexander
|
Batting: RHB Earl McCarty
|
0-0: Fly out, F7 (Flyball, 7S, EV 91.2 MPH)
|
Batting: RHB Kyle Michaud
|
0-0: Ball 1-0: Ball 2-0: Swinging Strike 2-1: Swinging Strike 2-2: Strikes out swinging
|
Batting: RHB Eugene Taylor
|
0-0: Ground out U3 (Groundball, 34, EV 108.1 MPH)
|
Top of the 7th over - 0 runs, 0 hits, 0 errors, 0 left on base; Rocky Mountain 2 - Laredo 3 |
BOTTOM OF THE 7TH |
Laredo Hawks batting - Pitching for Rocky Mountain Vibes : LHP Joop Els
|
Batting: RHB Elwiin de Meij
|
0-0: Called Strike 0-1: Ball 1-1: Swinging Strike 1-2: Fly out, F7 (Flyball, 78S, EV 78.1 MPH)
|
Batting: LHB Walker Ragland
|
0-0: Foul Ball, location: 2F 0-1: Swinging Strike 0-2: Strikes out swinging, 2-3 out at first.
|
Pitching: RHP Lu Zhuan
|
|
Batting: LHB Quitério Ruah
|
0-0: SINGLE (Line Drive, 7S, EV 92.5 MPH)
|
Batting: RHB Paul Pitts
|
0-0: Called Strike Quitério Ruah steals 2nd, throwing error, E2 Quitério Ruah to third 0-1: Foul Ball, location: 2F 0-2: Fly out, F4 (Popup, 4S, EV 80.6 MPH)
|
Bottom of the 7th over - 0 runs, 1 hit, 1 error, 1 left on base; Rocky Mountain 2 - Laredo 3 |
TOP OF THE 8TH |
Rocky Mountain Vibes batting - Pitching for Laredo Hawks : RHP Ed Alexander
|
Pitching: RHP Quan Yang
|
|
Batting: RHB José Ayala
|
0-0: Swinging Strike 0-1: Ball 1-1: Fly out, F8 (Flyball, 8LD, EV 96.9 MPH)
|
Batting: RHB Daniel Morel
|
0-0: Ball 1-0: Ball 2-0: Foul Ball, location: 2F 2-1: Called Strike 2-2: Ball 3-2: Foul Ball, location: 2F 3-2: SINGLE (Line Drive, 4M, EV 96.2 MPH)
|
Pitching: RHP Dave Hamilton
|
|
Batting: RHB Jaime Espinar
|
0-0: Called Strike 0-1: Ball 1-1: Foul Ball, location: 2F 1-2: Foul Ball, location: 2F 1-2: Fly out, F7 (Flyball, 7LM, EV 83.1 MPH)
|
Batting: LHB Allan Colston
|
0-0: SINGLE (Line Drive, 6MD, EV 106.9 MPH) Daniel Morel to second Runner from 2nd tries for 3rd, SAFE, throw by CF made to third
|
Batting: RHB Slavik Akentiev
|
0-0: Called Strike 0-1: Ball 1-1: Foul Ball, location: 2F 1-2: Ball 2-2: Foul Ball, location: 2F 2-2: Ball 3-2: Ground out 5-3 (Groundball, 56, EV 109.4 MPH)
|
Top of the 8th over - 0 runs, 2 hits, 0 errors, 2 left on base; Rocky Mountain 2 - Laredo 3 |
BOTTOM OF THE 8TH |
Laredo Hawks batting - Pitching for Rocky Mountain Vibes : RHP Lu Zhuan
|
Batting: RHB Kawenaula Alohalani
|
0-0: SINGLE (Line Drive, 56D, EV 101.9 MPH)
|
Batting: RHB Doug Chapman
|
0-0: Sac Bunt to 15 - play at second, runner OUT! 1-6
|
Batting: RHB Ji-hyun Yi
|
0-0: Called Strike 0-1: Ball 1-1: Called Strike 1-2: Strikes out swinging
|
Batting: RHB Avigdor Lieberman
|
0-0: Ground out 4-3 (Groundball, 34, EV 84.4 MPH)
|
Bottom of the 8th over - 0 runs, 1 hit, 0 errors, 1 left on base; Rocky Mountain 2 - Laredo 3 |
TOP OF THE 9TH |
Rocky Mountain Vibes batting - Pitching for Laredo Hawks : RHP Dave Hamilton
|
Pitching: LHP Mike Park
|
|
Now at 2B: Barton Boreland
|
|
Now in LF: Tim Wright
|
|
Batting: RHB José Gonzáles
|
0-0: Ball 1-0: Ball 2-0: Called Strike 2-1: DOUBLE (Line Drive, 78XD, EV 105.6 MPH)
|
Batting: RHB Earl McCarty
|
0-0: Foul Ball, location: 2F 0-1: Swinging Strike 0-2: Foul Ball, location: 2F 0-2: Ball 1-2: Foul Ball, location: 2F 1-2: Foul Ball, location: 2F 1-2: Strikes out swinging, 2-3 out at first.
|
Pinch Hitting: RHB Ricardo Urquijo
|
0-0: Ball 1-0: Foul Ball, location: 2F 1-1: Ball 2-1: Foul Ball, location: 2F 2-2: Foul Ball, location: 2F 2-2: Foul Ball, location: 2F 2-2: Strikes out swinging
|
Pinch Hitting: RHB Juan Sierra
|
0-0: Called Strike 0-1: Ball 1-1: Foul Ball, location: 2F 1-2: Foul Ball, location: 2F 1-2: Foul Ball, location: 2F 1-2: Ball 2-2: SINGLE (Groundball, 4MD, EV 97.5 MPH) José Gonzáles to third Runner from 3rd tries for Home, SAFE, throw by CF to home
|
Batting: RHB José Ayala
|
0-0: Ball 1-0: Called Strike 1-1: Hit by Pitch Juan Sierra to second
|
Batting: RHB Daniel Morel
|
0-0: Foul Ball, location: 2F 0-1: Foul Ball, location: 2F 0-2: Fly out, F9 (Flyball, 9LS, EV 78.1 MPH)
|
Top of the 9th over - 1 run, 2 hits, 0 errors, 2 left on base; Rocky Mountain 3 - Laredo 3 |
BOTTOM OF THE 9TH |
Laredo Hawks batting - Pitching for Rocky Mountain Vibes : RHP Lu Zhuan
|
Pitching: RHP Pedro Ramos
|
|
Now at 2B: Ricardo Urquijo
|
|
Now at 3B: David Mooney
|
|
Batting: RHB Juan Oleastro
|
0-0: Ball 1-0: Ground out 6-3 (Groundball, 6, EV 85.6 MPH)
|
Batting: RHB Tim Wright
|
0-0: Called Strike 0-1: Ball 1-1: Ball 2-1: Ball 3-1: DOUBLE (Flyball, 89D, EV 95.0 MPH)
|
Batting: RHB Barton Boreland
|
0-0: Ball 1-0: Ball 2-0: Called Strike Tim Wright steals 3rd base 2-1: Ball 3-1: Called Strike 3-2: Foul Ball, location: 2F 3-2: SINGLE (Groundball, 6, EV 105.6 MPH) (infield hit) Tim Wright scores
|
 |
Wednesday, July 8th, 2020 - OOTP Baseball 20.8 Build 74
|
|